 Dungeon Crawl Stone Soup version 0.25-b1-46-gb8a1ec05df (webtiles) character file.

Game seed: 13687210044616703459

93 grindst0ne the Insei (level 4, 0/44 HPs)
             Began as a Naga Monk on June 9, 2020.
             Slain by a gnoll
             ... wielding a +0 spear
              (9 damage)
             ... on level 3 of the Dungeon.
             The game lasted 00:05:34 (2519 turns).

grindst0ne the Insei (Naga Monk)                    Turns: 2519, Time: 00:05:35

Health: 0/44       AC:  2    Str: 13    XL:     4   Next: 62%
Magic:  4/4        EV: 10    Int: 12    God:
Gold:   189        SH:  0    Dex: 13    Spells: 3/3 levels left

rFire    . . .     SeeInvis +     - Unarmed
rCold    . . .     Gourm    .   (no shield)
rNeg     . . .     Faith    .   i - +0 leather armour
rPois    +         Spirit   .   (no helmet)
rElec    .         Reflect  .   (no cloak)
rCorr    .         Harm     .   (no gloves)
MR       .....                  (no barding)
Stlth    ++........             g - amulet of inaccuracy (curse)
HPRegen  0.14/turn              (no ring)
MPRegen  0.09/turn              (no ring)

@: very slow
A: large, see invisible, deformed body, poison resistance, slowness 2, slow
metabolism 1, spit poison 1, AC +1
a: Spit Poison


You were on level 3 of the Dungeon.
You were not hungry.

You visited 1 branch of the dungeon, and saw 4 of its levels.

You collected 189 gold pieces.

Inventory:

Armour
 d - a cursed -2 plate armour
 h - a cursed +0 chain mail
 i - a +0 leather armour (worn)
 k - a +0 ring mail
Jewellery
 g - a cursed amulet of inaccuracy (around neck)
 l - an uncursed amulet of guardian spirit {unknown}
Scrolls
 f - a scroll of magic mapping
Comestibles
 b - 3 rations
 c - 11 chunks of flesh


   Skills:
 + Level 3.7 Fighting
 + Level 3.1 Dodging
 - Level 3.0 Stealth
 + Level 4.1 Unarmed Combat


You had 3 spell levels left.
You didn't know any spells.
Your spell library was empty.

Dungeon Overview and Level Annotations

Branches:
Dungeon (4/15)
 Temple: D:4-7

Altars:

Annotations:
D:3 1 transporter


Innate Abilities, Weirdness & Mutations

You cannot wear boots.
Your serpentine skin is tough. (AC +1)
You have supernaturally acute eyesight. (SInv)
Armour fits poorly on your strangely shaped body.
Your system is resistant to poisons. (rPois)
You cover ground very slowly.
You have a slow metabolism.
You can spit poison.


Message History

The quokka is almost dead.
The quokka barely misses you.
The quokka bites you but does no damage.
You hit the quokka.
You kill the quokka!
You see here a quokka corpse.
You butcher the quokka corpse.
c - 11 chunks of flesh (gained 2)
You see here a quokka skeleton.
You start resting.
The gnoll is too close now for your liking.
The gnoll shouts!
You hear a shout!
A gnoll comes into view. It is wielding a +0 club.
You see here a quokka skeleton.
Your magical contamination has completely faded away.
You aren't carrying any potions.
As you read the scroll of fog, it crumbles to dust.
The scroll dissolves into smoke.
The gnoll hits you from afar with a +0 spear!
You die...

#.##.#######)#. # #.#
#.#÷ #####.##g# #.#g
.........## ##(#. #.
#.....# #.... #.
#####.# ###.... ##.
#÷###......
##..#######g...>.....
..§§@§g§§§...##......
.#§§#######.#####.(..
§§ #.# #.... ...
##.#. ..... ..#$
######. ... !$...©#.#
##. .....Z.#.#


You could see a gnoll.

Vanquished Creatures
  4 adders (D:2)
  2 oozes (D:1)
  4 worms (D:2)
  5 orcs
  3 goblins (D:1)
  A hobgoblin (D:2)
  4 jackals (D:2)
  2 kobolds
  A quokka (D:3)
  A ball python (D:2)
  2 bats (D:2)
  A frilled lizard (D:1)
  A leopard gecko skeleton (D:4)
  5 rats
36 creatures vanquished.

Notes
Turn   | Place    | Note
-------+----------+-------------------------------------------
     0 | D:1      | grindst0ne the Naga Monk began the quest for the Orb.
     0 | D:1      | Reached XP level 1. HP: 21/21 MP: 1/1
   268 | D:1      | Reached XP level 2. HP: 21/28 MP: 2/2
  1228 | D:2      | Reached XP level 3. HP: 16/34 MP: 3/3
  1785 | D:2      | Reached XP level 4. HP: 33/42 MP: 4/4
  1954 | D:2      | Reached skill level 4 in Unarmed Combat
  2260 | D:2      | You fall into a shaft and drop 2 floors!
  2465 | D:3      | HP: 2/44 [gnoll/+0 spear (8)]
  2477 | D:3      | Found a transporter.
  2519 | D:3      | Slain by a gnoll

Illustrated notes

Levels and vault maps discovered:
D:1:      shiori_arrival_oz, layout_basic, minmay_misc_feat_more_columns,
          st_stairs_12, kennysheep_boxes
D:2:      layout_loops_cross, lemuel_coloured_pillars_altar, first_ration
D:3:      layout_loops_ring, chequers_ecumenical_altar_island,
          gammafunk_ghost_mausoleum
D:4:      layout_basic, kennysheep_generic_room_5

Skill      XL: |  1  2  3  4 |
---------------+-------------+-----
Dodging        | 3 |  3.1
Unarmed Combat | 4 |  4.1
Fighting       | |  3.7
Stealth        | |  3.0

Action                   |  1- 3 |  4- 6 || total
-------------------------+-------+-------++-------
Melee: Unarmed           |    70 |    70 ||   140
       Punch             |     1 |     1 ||     2
 Abil: Spit Poison       |     6 |     5 ||    11
  Use: Scroll            |       |     6 ||     6
       Potion            |       |     1 ||     1
 Stab: Sleeping          |     2 |     2 ||     4
  Eat: Chunk             |     2 |     2 ||     4
Armor: Robe              |     6 |     2 ||     8
       Leather armour    |       |     6 ||     6
Dodge: Dodged            |    40 |    38 ||    78
